 Dungeon Crawl Stone Soup version 0.32-a0-656-g3542139ebd (webtiles) character file.

Game seed: 3869376587296371802

181 ragingrage the Sneak (level 5, 0/31 HPs)
             Began as a Deep Elf Delver on Mar 9, 2024.
             Incinerated by a bombardier beetle (6 damage)
             ... with a burning spray
             ... on level 5 of the Dungeon.
             The game lasted 00:01:14 (220 turns).

ragingrage the Sneak (Deep Elf Delver)               Turns: 220, Time: 00:01:14

Health: 0/31       AC:  3    Str:  9    XL:     5   Next: 34%
Magic:  7/7        EV: 12    Int: 15    God:
Gold:   0          SH:  0    Dex: 18    Spells: 4/4 levels left

rFire   . . .        a - +0 short sword
rCold   . . .        (no shield)
rNeg    . . .        b - +0 leather armour
rPois   .            (no helmet)
rElec   .            (no cloak)
rCorr   .            (no gloves)
SInv    .            (no boots)
Will    .....        (no amulet)
Stlth   ++           (no ring)
HPRegen 0.25/turn    (no ring)
MPRegen 0.10/turn

%: no passive effects
@: on fire, glowing
A: no striking features
a: no special abilities


You were on level 5 of the Dungeon.
You visited 1 branch of the dungeon, and saw 4 of its levels.

Inventory:

Hand Weapons
 a - a +0 short sword (weapon)
Armour
 b - a +0 leather armour (worn)
Wands
 e - a wand of light (6)
 g - a wand of digging (3)
Scrolls
 c - a scroll of fog
 h - a scroll of enchant armour {unknown}
Potions
 f - a potion of haste


   Skills:
 - Level 2.7 Fighting
 + Level 5.0 Short Blades
 - Level 3.0 Dodging
 - Level 6.3 Stealth


You had 4 spell levels left.
You didn't know any spells.
Your spell library was empty.

Dungeon Overview and Level Annotations

Branches:
Dungeon (7/15)
 Temple: D:4-7

Altars:

Annotations:
D:5 exclusion: downstairs


Message History

a +0 giant spiked club; an ogre corpse You shake off some of the fire as you move.
The liquid fire burns you!
You shake off some of the fire as you move.
The liquid fire burns you!
The bombardier beetle sprays incendiary fluid at you.
The burning spray misses you.
You shake off the liquid fire.
You see here a hound corpse.
Throw: 3 darts (poison)
Press: ? - help, Q - select action, (/) - cycle Shift-Dir - straight line, f/p - bombardier beetle
Aim: a bombardier beetle (heavily wounded, blind, unable to see you, 70% to hit)
You throw a poisoned dart.
The poisoned dart barely misses the bombardier beetle.
Throw: 2 darts (poison)
Press: ? - help, Q - select action, (/) - cycle Shift-Dir - straight line, f/p - bombardier beetle
Aim: a bombardier beetle (heavily wounded, wandering, blind, unable to see you, hasn't noticed you, 70% to hit)
You throw a poisoned dart.
The poisoned dart hits the bombardier beetle.
Throw: dart (poison)
Press: ? - help, Q - select action, (/) - cycle Shift-Dir - straight line, f/p - bombardier beetle
Aim: a bombardier beetle (heavily wounded, wandering, blind, unable to see you, hasn't noticed you, 70% to hit)
You throw a poisoned dart.
The poisoned dart hits the bombardier beetle.
There is a stone staircase leading up here.
You barely miss the bombardier beetle. You hit the bombardier beetle.
The bombardier beetle sprays incendiary fluid at you.
The burning spray hits you.
You are covered in liquid fire!
You hit the bombardier beetle. The liquid fire burns you!
* * * LOW HITPOINT WARNING * * *
You shake off some of the fire as you move.
The liquid fire burns you!
* * * LOW HITPOINT WARNING * * *
There is a stone staircase leading up here.
You shake off some of the fire as you move.
The liquid fire burns you!
You die...

# ####
.## #..
#####..
#.# #
..#...
#>#### #.
..#..
.....#
#.####...
.....#
#.......#
#.......
.. ..#..#
####.###
#. #.#@.#
.#
#.##.#<.#
#
#.....B.#
#.##.#†##
#.(()..#
####.###
#.# ..#
####


You could see a bombardier beetle (wandering, blind, unable to see you).

Vanquished Creatures
  An ogre (D:5)
  A bombardier beetle (D:5)
  A hound (D:5)
  A gnoll bouda (D:6)
  A ribbon worm (D:4)
5 creatures vanquished.

Notes
Turn   | Place    | Note
-------+----------+-------------------------------------------
     0 | D:5      | ragingrage the Deep Elf Delver began the quest for the Orb.
     0 | D:5      | Reached XP level 1. HP: 13/13 MP: 3/3
   101 | D:7      | Noticed a bullfrog
   102 | D:7      | Noticed a bullfrog
   106 | D:6      | Noticed a gnoll bouda
   115 | D:6      | Killed a gnoll bouda
   116 | D:6      | Reached XP level 2. HP: 18/18 MP: 4/4
   116 | D:6      | Reached XP level 3. HP: 22/22 MP: 5/5
   146 | D:6      | Noticed a gargoyle
   195 | D:5      | Noticed an ogre
   198 | D:5      | Reached XP level 4. HP: 27/27 MP: 6/6
   200 | D:5      | Killed an ogre
   201 | D:5      | Reached skill level 5 in Short Blades
   201 | D:5      | Reached XP level 5. HP: 31/31 MP: 7/7
   220 | D:5      | Incinerated by a bombardier beetle

Illustrated notes

Levels and vault maps discovered:
D:4:      layout_cave_pools, makhleb_heckhound_becter, kennysheep_mini,
          nicolae_ru_path_of_blood, grunt_temple_overflow_open,
          minmay_temple_entry_butterflies, serial_shops, nicolae_shop_rolled_up
D:5:      layout_loops_cross, cheibrodos_sewer_entry_drain,
          chequers_serial_rivers_large_a, uniq_sigmund
D:6:      layout_layer_cave, nicolae_kite_square_tiling_tiny, uniq_jeremiah
D:7:      layout_cave_pools

Skill      XL: |  1  2  3  4 |
---------------+-------------+-----
Dodging        | 3 |  3.0
Short Blades   | 3 5 |  5.0
Fighting       | |  2.7
Stealth        | |  6.3

Action                     |  1- 3 |  4- 6 || total
---------------------------+-------+-------++-------
  Melee: Short sword       |     2 |     5 ||     7
  Throw: Dart              |       |     3 ||     3
  Evoke: Wand              |     3 |     1 ||     4
    Use: Scroll            |     2 |       ||     2
   Stab: Sleeping          |     2 |     1 ||     3
 Armour: Leather armour    |     1 |       ||     1
  Dodge: Dodged            |       |     2 ||     2

Table legend: (Time is in decaauts)
 A = Elapsed time spent in this place.
 B = Non-inter-level travel time spent in this place.
 C = Inter-level travel time spent in this place.
 D = Time resting spent in this place.
 E = Time spent auto-exploring this place.
 F = Levels seen in this place.
 G = Mean time per level.
                   A        B        C        D        E       F      G
               +--------+--------+--------+--------+--------+-----+--------+
         Total |    225 |    225 |      0 |      0 |     53 |   4 |   56.2 |
       Dungeon |    225 |    225 |      0 |      0 |     53 |   4 |   56.2 |
               +--------+--------+--------+--------+--------+-----+--------+

Top non-repeatable levels by time:
     D:5: 134 daAuts
     D:6: 54 daAuts
     D:4: 30 daAuts
     D:7: 5 daAuts
